 Dungeon Crawl Stone Soup version 0.28.0-53-g5a82cb258f (webtiles) character file.

Game seed: 6320189843387526182

79 jiml777 the Digger (level 4, -2/24 HPs)
             Began as a Gargoyle Earth Elementalist on June 10, 2022.
             Blown up by Ijyb (17 damage)
             ... with a mindburst bolt
             ... on level 3 of the Dungeon.
             The game lasted 00:08:08 (1875 turns).

jiml777 the Digger (Gargoyle Earth Elementalist)    Turns: 1875, Time: 00:08:08

Health: -2/24      AC:  6    Str: 12    XL:     4   Next: 38%
Magic:  1/8        EV: 11    Int: 17    God:
Gold:   91         SH:  0    Dex: 10    Spells: 8/9 levels left

rFire   . . .      SeeInvis .   i - +0 dagger
rCold   . . .      Faith    .   (no shield)
rNeg    + . .      Spirit   .   k - +0 leather armour
rPois   ∞          Reflect  .   (no helmet)
rElec   +          Harm     .   (no cloak)
rCorr   .          Rampage  .   (no gloves)
Will    .....                   (no boots)
Stlth   ++........              (no amulet)
HPRegen 0.08/turn               (no ring)
MPRegen 0.11/turn               (no ring)

@: no status effects
A: sickness immunity, AC +3, negative energy resistance 1, electricity
resistance, torment resistance 1, petrification resistance
a: no special abilities


You were on level 3 of the Dungeon.
You visited 1 branch of the dungeon, and saw 3 of its levels.

You collected 91 gold pieces.

Inventory:

Hand Weapons
 i - a +0 dagger (weapon)
 p - a +0 hunting sling
Missiles
 c - 73 stones
Armour
 b - a +0 robe
 k - a +0 leather armour (worn)
Jewellery
 a - a ring of fire
Scrolls
 d - 2 scrolls of identify {unknown}
 e - a scroll of summoning {unknown}
 f - a scroll of enchant weapon {unknown}
 g - a scroll of teleportation {unknown}
 j - a scroll of fog {unknown}
 l - a scroll of noise {unknown}
 o - a scroll of amnesia {unknown}
Potions
 h - a potion of brilliance {unknown}
 m - a potion of heal wounds {unknown}
 n - 2 potions of might {unknown}


   Skills:
 + Level 0.1 Fighting
 + Level 0.2 Short Blades
 + Level 0.2 Armour
 + Level 1.7 Dodging
 + Level 2.3 Stealth
 + Level 3.1 Spellcasting
 + Level 0.7 Transmutations
 + Level 4.8 Earth Magic


You had 8 spell levels left.
You knew the following spells:

 Your Spells              Type           Power      Damage    Failure   Level
a - Sandblast             Erth           38%        2d10      3%          1

Your spell library contained the following spells:

 Spells                   Type           Power      Damage    Failure   Level
 Passwall                 Tmut/Erth      10%        N/A       11%         2
 Stone Arrow              Conj/Erth      20%        3d8       24%         3
 Petrify                  Tmut/Erth      12%        N/A       56%         4


Dungeon Overview and Level Annotations

Branches:
Dungeon (3/15)

Altars:

Annotations:
D:3 1 transporter, Ijyb


Innate Abilities, Weirdness & Mutations

You are immune to sickness and miasma.
Your stone body is resilient. (AC +3)
You are immune to poison.
You resist negative energy. (rN+)
You are resistant to electric shocks. (rElec)
You are resistant to unholy torment.
You are immune to petrification.


Message History

Ijyb is lightly wounded.
Ijyb hits you with a +0 dagger.
Casting: Sandblast (safe; 3% risk of failure)
Confirm with . or Enter, or press ? or * to list all spells.
Aiming: Sandblast (safe; 3% risk of failure)
Press: ? - help, Shift-Dir - straight line, f/p - Ijyb
Aim: Ijyb, wielding a +0 dagger, wearing a +0 leather armour and carrying a wand of mindburst (20) (lightly wounded, 74% to hit)
The blast of sand misses Ijyb.
Ijyb hits you with a +0 dagger.
Casting: Sandblast (safe; 3% risk of failure)
Confirm with . or Enter, or press ? or * to list all spells.
Aiming: Sandblast (safe; 3% risk of failure)
Press: ? - help, Shift-Dir - straight line, f/p - Ijyb
Aim: Ijyb, wielding a +0 dagger, wearing a +0 leather armour and carrying a wand of mindburst (20) (lightly wounded, 74% to hit)
The blast of sand hits Ijyb.
Ijyb is moderately wounded.
Ijyb misses you.
Casting: Sandblast (safe; 3% risk of failure)
Confirm with . or Enter, or press ? or * to list all spells.
Aiming: Sandblast (safe; 3% risk of failure)
Press: ? - help, Shift-Dir - straight line, f/p - Ijyb
Aim: Ijyb, wielding a +0 dagger, wearing a +0 leather armour and carrying a wand of mindburst (20) (moderately wounded, 74% to hit)
The blast of sand hits Ijyb!
Ijyb is severely wounded.
Ijyb hits you but does no damage.
Casting: Sandblast (safe; 3% risk of failure)
Confirm with . or Enter, or press ? or * to list all spells.
Aiming: Sandblast (safe; 3% risk of failure)
Press: ? - help, Shift-Dir - straight line, f/p - Ijyb
Aim: Ijyb, wielding a +0 dagger, wearing a +0 leather armour and carrying a wand of mindburst (20) (severely wounded, 74% to hit)
The blast of sand hits Ijyb.
Ijyb is almost dead.
Ijyb zaps a wand.
You barely resist. You barely miss Ijyb.
Ijyb is almost dead.
Ijyb hits you with a +0 dagger.
You hit Ijyb but do no damage.
Ijyb is almost dead.
Ijyb zaps a wand.
Your mind is blasted!
Ouch! That really hurt!
You die...

.)... ..... .... #..#
#...###########
..##.#<..........#
.g....)..........#
##.#.##..........# #.#.
###@.....#######
..##...####g.##....#...#
©............#..........
#####.......#...........
©.P8#.........†.........
/..P#......#....†...>...
+####..#####.#..........
..≈5#.. #.........##...#
..≈o#.. #....<..### ####


You could see Ijyb.

Vanquished Creatures
  4 adders
  A worm (D:3)
  2 ball pythons
  5 endoplasms
  5 goblins
  A hobgoblin (D:1)
  5 quokkas
  5 bats
  4 frilled lizards
  11 rats
43 creatures vanquished.

Notes
Turn   | Place    | Note
-------+----------+-------------------------------------------
     0 | D:1      | jiml777 the Gargoyle Earth Elementalist began the quest for
                  | the Orb.
     0 | D:1      | Reached XP level 1. HP: 10/10 MP: 3/3
   221 | D:1      | Reached skill level 4 in Earth Magic
   307 | D:1      | Reached XP level 2. HP: 15/15 MP: 3/5
  1025 | D:2      | Reached XP level 3. HP: 15/19 MP: 2/6
  1488 | D:2      | Reached XP level 4. HP: 22/24 MP: 6/8
  1852 | D:3      | Noticed Ijyb
  1859 | D:3      | Found a transporter.
  1875 | D:3      | Blown up by Ijyb

Illustrated notes

Levels and vault maps discovered:
D:1:      dpeg_arrival_orchard, layout_loops_corners, minmay_curled_crystal
D:2:      layout_rooms
D:3:      gammafunk_wand_slinger, layout_rooms, minmay_fountain_box,
          small_statue_intersection, uniq_ijyb

Skill      XL: |  1  2  3  4 |
---------------+-------------+-----
Earth Magic    | 4 |  4.8
Spellcasting   | 3 |  3.1
Fighting       | |  0.1
Short Blades   | |  0.2
Armour         | |  0.2
Dodging        | |  1.7
Stealth        | |  2.3
Transmutations | |  0.7

Action                   |  1- 3 |  4- 6 || total
-------------------------+-------+-------++-------
Melee: Unarmed           |     4 |       ||     4
       Dagger            |    28 |     6 ||    34
 Cast: Sandblast         |    36 |    19 ||    55
Armor: Robe              |    11 |       ||    11
       Leather armour    |     1 |     3 ||     4
Dodge: Dodged            |    38 |     5 ||    43
